 Dungeon Crawl Stone Soup version 0.25-b1-46-gb8a1ec05df (webtiles) character file.

Game seed: 13006487330684089506

1716 Chiseanne the Sneak (level 8, -15/64 HPs)
             Began as a Demonspawn Wanderer on June 9, 2020.
             Was an Initiate of Gozag.
             Demolished by an orc warrior
             ... wielding a cursed -1 dire flail
              (20 damage)
             ... on level 7 of the Dungeon.
             The game lasted 00:18:05 (4582 turns).

Chiseanne the Sneak (Demonspawn Wanderer)           Turns: 4582, Time: 00:18:06

Health: -15/64     AC: 12    Str: 12    XL:     8   Next: 74%
Magic:  8/8        EV:  9    Int: 16    God:    Gozag
Gold:   480        SH:  8    Dex: 15    Spells: 7/7 levels left

rFire    . . .     SeeInvis .   a - +1 rapier (venom)
rCold    . . .     Gourm    .   m - +0 kite shield
rNeg     + . .     Faith    .   q - +0 scale mail
rPois    .         Spirit   .   (helmet restricted)
rElec    .         Reflect  .   (no cloak)
rCorr    .         Harm     .   g - +0 pair of gloves
MR       .....                  (no boots)
Stlth    +++.......             (no amulet)
HPRegen  0.20/turn              j - +4 ring of protection
MPRegen  0.11/turn              u - ring of positive energy

@: no status effects
A: horns 2, thin skeletal structure 1, powered by pain 1
a: Potion Petition, Call Merchant, Bribe Branch, Renounce Religion


You were on level 7 of the Dungeon.
You worshipped Gozag.
Gozag was aware of your devotion.
You were not hungry.

You visited 2 branches of the dungeon, and saw 9 of its levels.

You collected 544 gold pieces.
You paid 64 gold pieces to Gozag.

Inventory:

Hand Weapons
 a - a +1 rapier of venom (weapon)
Missiles
 d - 25 sling bullets
 k - 3 atropa-tipped darts
 r - 7 boomerangs (quivered)
Armour
 g - a +0 pair of gloves (worn)
 m - a +0 kite shield (worn)
 q - a +0 scale mail (worn)
Jewellery
 j - a +4 ring of protection (left hand)
 l - an uncursed amulet of reflection
 u - a ring of positive energy (right hand)
Wands
 c - a wand of acid (12)
 s - a wand of random effects (15)
 t - a wand of enslavement (13)
Scrolls
 b - a scroll of fear
 e - 2 scrolls of remove curse
 p - a scroll of teleportation
Potions
 h - 4 potions of ambrosia
 i - a potion of cancellation {unknown}
 n - 2 potions of curing
 o - a potion of invisibility {unknown}
Comestibles
 f - 4 rations


   Skills:
 * Level 5.9 Fighting
   Level 1.7 Staves
 - Level 1.0 Throwing
 * Level 4.6 Armour
 * Level 5.2 Dodging
 * Level 6.4 Stealth
 * Level 2.0 Shields
 - Level 1.0 Evocations


You had 7 spell levels left.
You didn't know any spells.
Your spell library was empty.

Dungeon Overview and Level Annotations

Branches:
Dungeon (8/15)             Temple (1/1) D:4
   Lair: D:8-11

Altars:
Ashenzari
Cheibriados
Dithmenos
Elyvilon
Gozag
Hepliaklqana
Nemelex Xobeh
Okawaru
Qazlal
Sif Muna
Trog
Uskayaw
Wu Jian
Xom
Zin

Annotations:
D:3 2 transporters
D:4 exclusion: upstairs


Innate Abilities, Weirdness & Mutations

You have a pair of horns on your head.
You have a somewhat thin skeletal structure. (Dex +2, Stealth)
You sometimes gain a little power by taking damage.


Message History

You barely miss the orc warrior. Your headbutt misses the orc warrior.
The orc warrior is lightly wounded.
You block the orc warrior's attack.
Your shield prevents you from hitting the orc warrior.
Your headbutt misses the orc warrior.
The orc warrior is lightly wounded.
You block the orc warrior's attack.
You hit the orc warrior but do no damage.
The orc warrior is poisoned.
You headbutt the orc warrior.
The orc warrior is moderately wounded.
The orc warrior hits you with a cursed -1 dire flail!
* * * LOW HITPOINT WARNING * * *
The orc warrior hits you with a cursed -1 dire flail!
* * * LOW HITPOINT WARNING * * *
You hit the orc warrior but do no damage.
The orc warrior looks even sicker.
You headbutt the orc warrior.
The orc warrior is heavily wounded.
The orc warrior hits you with a cursed -1 dire flail!!
You die...
Your body crumbles into a pile of gold.

#.# #.# #.## #.#
...#######.## #####
....##......## #...
.....#....#..###.#
.................#
###..............# #
#<...........#o#
###.#.#.###.##.#@#
....#.#.# #.##.#.#
...##.#.###.##.#.#
........##...#.#.##
#####.###.#.#...(.###
.. ..##........#...#
## #..#.#.....#.#
#.##.#...#.#..#.#
#.............# #


You could see an orc warrior (very poisoned).

Vanquished Creatures
  A sky beast (D:5)
  2 ogres
  A phantom (D:5)
  2 centaurs
  2 bullfrogs
  2 scorpions (D:7)
  A water moccasin skeleton (D:4)
  3 howler monkeys (D:7)
  A centaur zombie (D:7)
  A crimson imp (D:7)
  A hound (D:8)
  6 orc wizards
  A bullfrog skeleton (D:5)
  A centaur skeleton (D:7)
  4 iguanas
  Ijyb (D:5)
  6 worker ants
  A killer bee zombie (D:5)
  A howler monkey skeleton (D:5)
  2 gnolls (D:2)
  9 adders
  A shadow imp (D:5)
  A worm (D:3)
  3 dart slugs
  3 leopard geckos
  15 orcs
  2 bats
  A giant cockroach (D:3)
  2 goblins
  7 hobgoblins
  7 jackals
  3 quokkas
  3 ball pythons (D:2)
  2 frilled lizards
  5 kobolds
  A rat (D:1)
105 creatures vanquished.

Notes
Turn   | Place    | Note
-------+----------+-------------------------------------------
     0 | D:1      | Chiseanne the Demonspawn Wanderer began the quest for the
                  | Orb.
     0 | D:1      | Chiseanne set off with the following items: a +2 dagger, a
                  | scroll of fear, a +0 quarterstaff, a potion of curing, a +0
                  | robe, a ration
     0 | D:1      | Reached XP level 1. HP: 15/15 MP: 1/1
   268 | D:1      | Reached skill level 1 in Dodging
   268 | D:1      | Gained mutation: You have a pair of small horns on your
                  | head. [demonic ancestry]
   268 | D:1      | Reached XP level 2. HP: 21/21 MP: 2/2
   641 | D:2      | Gained mutation: You have a pair of horns on your head.
                  | [demonic ancestry]
   641 | D:2      | Reached XP level 3. HP: 5/27 MP: 3/3
  1395 | D:2      | Gained mutation: You sometimes gain a little power by
                  | taking damage. [demonic ancestry]
  1395 | D:2      | Reached XP level 4. HP: 23/34 MP: 4/4
  1896 | D:3      | Reached skill level 1 in Armour
  1909 | D:3      | Found a transporter.
  1910 | D:3      | Noticed a hippogriff
  1914 | D:3      | Found a transporter.
  1980 | D:3      | Found a shadowy altar of Dithmenos.
  1996 | D:3      | Reached XP level 5. HP: 24/41 MP: 5/5
  2299 | D:4      | Noticed an ogre
  2308 | D:5      | Entered Level 5 of the Dungeon
  2322 | D:4      | Killed an ogre
  2322 | D:4      | Gained mutation: You have a somewhat thin skeletal
                  | structure. (Dex +2, Stealth) [demonic ancestry]
  2322 | D:4      | Reached XP level 6. HP: 48/48 MP: 6/6
  2390 | D:4      | Found a staircase to the Ecumenical Temple.
  2399 | Temple   | Entered the Ecumenical Temple
  2779 | D:4      | Found an opulent altar of Gozag.
  2787 | D:4      | Became a worshipper of Gozag Ym Sagoz the Greedy
  2836 | D:3      | Found a sparkling altar of Nemelex Xobeh.
  2836 | D:3      | Found a shattered altar of Ashenzari.
  2913 | D:5      | Noticed an ice beast
  2915 | D:5      | Noticed a sky beast
  3248 | D:6      | Reached skill level 5 in Stealth
  3248 | D:6      | Reached XP level 7. HP: 53/55 MP: 7/7
  3696 | D:5      | Noticed Ijyb
  3704 | D:5      | Killed Ijyb
  3753 | D:5      | Reached skill level 5 in Fighting
  3887 | D:6      | Reached XP level 8. HP: 51/62 MP: 8/8
  4046 | D:7      | Reached skill level 6 in Stealth
  4060 | D:7      | Reached skill level 1 in Shields
  4162 | D:7      | Reached skill level 5 in Dodging
  4582 | D:7      | Demolished by an orc warrior

Illustrated notes

Levels and vault maps discovered:
D:1:      dpeg_arrival_triangle_fractal, layout_basic
D:2:      layout_basic, serial_glass, glass_columns_a, glass_columns_c,
          glass_columns_c, glass_columns_c, glass_columns_a, glass_columns_c
D:3:      layout_basic, lemuel_crystal_altar, gammafunk_temple_overflow_arena,
          grunt_temple_overflow_diamond, nicolae_overflow_hidden_temple,
          uniq_terence
D:4:      layout_cave_pools, lemuel_coloured_pillars_altar, temple_fountains
D:5:      layout_basic, first_ration, grunt_tough_drop, uniq_ijyb
D:6:      layout_loops_ring, minmay_fractal_squares_gapless_5, uniq_edmund,
          uniq_crazy_yiuf_cottage, uniq_menkaure, uniq_sigmund
D:7:      layout_loops_ring
D:8:      layout_basic, yredelemnul_forgotten_temple_becter, uniq_pikel,
          uniq_gastronok
Temple:   jpeg_temple_clearing

Skill      XL: |  1  2  3  4  5  6  7  8 |
---------------+-------------------------+-----
Dodging        | 1 2 3 4 5 |  5.2
Fighting       | 2 3 4 5 |  5.9
Armour         | 1 2 3 4 |  4.6
Stealth        | 5 6 |  6.4
Shields        | 2 |  2.0
Staves         | |  1.7
Throwing       | |  1.0
Evocations     | |  1.0

Action                   |  1- 3 |  4- 6 |  7- 9 || total
-------------------------+-------+-------+-------++-------
Melee: Dagger            |   118 |    84 |       ||   202
       Headbutt          |     9 |    24 |    36 ||    69
       Short sword       |       |    83 |    28 ||   111
       Rapier            |       |       |   149 ||   149
       Quarterstaff      |       |       |    22 ||    22
Throw: Boomerang         |       |       |     6 ||     6
  Use: Scroll            |     6 |     4 |     4 ||    14
       Potion            |     1 |     1 |       ||     2
 Stab: Sleeping          |     2 |       |     6 ||     8
       Distracted        |     1 |       |     1 ||     2
  Eat: Chunk             |     2 |     4 |       ||     6
       Ration            |       |     2 |     1 ||     3
Armor: Robe              |    32 |       |       ||    32
       Scale mail        |    15 |    71 |    98 ||   184
Dodge: Dodged            |    70 |    74 |    91 ||   235
Block: Kite shield       |       |       |    47 ||    47
